 Dungeon Crawl Stone Soup version 0.20-a0-949-g916514f (webtiles) character file.

108 Isola the Sneak (level 4, 0/21 HPs)
             Began as a Spriggan Enchanter on Apr 4, 2017.
             Slain by an orc
             ... wielding a +0 flail
              (11 damage)
             ... on level 3 of the Dungeon.
             The game lasted 00:04:53 (4421 turns).

Isola the Sneak (Spriggan Enchanter)                Turns: 4421, Time: 00:04:54

Health: 0/21       AC:  3    Str:  4    XL:     4   Next: 58%
Magic:  0/9        EV: 18    Int: 17    God:
Gold:   68         SH:  0    Dex: 16    Spells: 2/8 levels left

rFire    . . .     SeeInvis +   a - +1 dagger
rCold    . . .     Gourm    .   (shield restricted)
rNeg     . . .     Faith    .   b - +0 robe
rPois    .         Spirit   .   (helmet restricted)
rElec    .         Reflect  .   p - +0 cloak
rCorr    .         Harm     .   (gloves unavailable)
MR       .....                  (boots unavailable)
Stlth    +++.......             (no amulet)
Regen    0.1/turn               (no ring)
MPRegen  0.2/turn               (no ring)

@: very quick
A: unfitting armour, see invisible, herbivore 3, speed 3, slow metabolism 2
a: no special abilities


You were on level 3 of the Dungeon.
You were very hungry.

You visited 1 branch of the dungeon, and saw 3 of its levels.

You collected 68 gold pieces.

Inventory:

Hand Weapons
 a - a +1 dagger (weapon)
Armour
 b - a +0 robe (worn)
 p - a +0 cloak (worn)
Jewellery
 l - an uncursed ring of flight {unknown}
Scrolls
 e - a scroll of noise {unknown}
 f - a scroll of identify {unknown}
 j - a scroll of fear {unknown}
 k - 2 scrolls of enchant weapon {unknown}
 m - a scroll of blinking {unknown}
Potions
 h - a potion of heal wounds {unknown}
 i - 2 potions of mutation {unknown}
 o - a potion of agility {unknown}
Books
 c - a book of Maledictions

   Spells                             Type                      Level
   a - Corona                         Hexes                        1
   b - Ensorcelled Hibernation        Hexes/Ice                    2
   c - Confuse                        Hexes                        3
   d - Tukima's Dance                 Hexes                        3
   e - Dazzling Spray                 Conjuration/Hexes            3
Comestibles
 d - a bread ration
 g - a royal jelly
 n - 3 fruits


   Skills:
 + Level 1.9 Short Blades
 - Level 3.0 Dodging
 * Level 6.4 Stealth
 - Level 2.6 Spellcasting
 * Level 5.1 Hexes


You had 2 spell levels left.
You knew the following spells:

 Your Spells              Type           Power        Failure   Level  Hunger
a - Corona                Hex            ###....      2%          1    #......
b - Confuse               Hex            ###.....     10%         3    ###....
c - Ensorcelled Hibernat  Hex/Ice        ##....       12%         2    ##.....


Dungeon Overview and Level Annotations

Branches:
Dungeon (3/15)

Altars:
Ashenzari


Innate Abilities, Weirdness & Mutations

You are very small and have problems with some larger weapons.
You are too small for most types of armour.
You have supernaturally acute eyesight. (SInv)
You are a herbivore.
You cover ground extremely quickly.
You need consume almost no food.


Message History

Casting: Confuse
Confirm with . or Enter, or press ? or * to list all spells.
Aiming: Confuse
Press: ? - help, Shift-Dir - straight line, f - orc, p - adder
Aim: an orc, wielding a hand axe (heavily wounded, chance to defeat MR: 67%)
The orc appears confused.
The orc barely misses you.
The orc priest calls upon Beogh to heal the orc.
The orc's wounds heal themselves!
Casting: Confuse
Confirm with . or Enter, or press ? or * to list all spells.
Aiming: Confuse
Press: ? - help, Shift-Dir - straight line, f - orc priest, p - orc
Aim: an orc priest, wielding a mace and wearing a scale mail (chance to defeat MR: 50%)
The orc priest appears confused.
The orc misses you. The orc hits you with a hand axe.
You hit the orc.
The orc is moderately wounded.
The orc hits you with a flail!
Ouch! That really hurt!
You die...

###.#.# .##
#.o.# #
...####..## .#
#.......###.#
##.(...†....#
##..........#.
##.S...........
#.......o..##..
#.#....@o..# .
#.#.....>..#
#....[...#
#........#
#?...(...#
..........#
............
##.###.......


You could see an orc priest (confused), an adder (confused) and 2 orcs.

Vanquished Creatures
  Crazy Yiuf (D:2)
  2 adders (D:2)
  An ooze (D:1)
  2 worms
  3 dart slugs
  A leopard gecko (D:2)
  An orc (D:3)
  7 bats
  2 giant cockroaches (D:1)
  3 goblins
  4 hobgoblins
  8 jackals (D:1)
  4 kobolds
  A frilled lizard (D:1)
  2 rats (D:1)
42 creatures vanquished.

Notes
Turn   | Place    | Note
-------+----------+-------------------------------------------
     0 | D:1      | Isola the Spriggan Enchanter began the quest for the Orb.
     0 | D:1      | Reached XP level 1. HP: 9/9 MP: 5/5
   398 | D:1      | Reached XP level 2. HP: 9/13 MP: 6/6
  1598 | D:1      | Reached skill level 5 in Stealth
  1786 | D:1      | Reached XP level 3. HP: 10/16 MP: 8/8
  3236 | D:1      | Reached XP level 4. HP: 17/21 MP: 9/9
  3708 | D:1      | Learned a level 3 spell: Confuse
  3711 | D:1      | Learned a level 2 spell: Ensorcelled Hibernation
  3761 | D:2      | Found a shattered altar of Ashenzari.
  3876 | D:2      | Reached skill level 6 in Stealth
  4161 | D:2      | Found a runed door.
  4227 | D:2      | Noticed Crazy Yiuf
  4231 | D:2      | Killed Crazy Yiuf
  4231 | D:2      | Reached skill level 5 in Hexes
  4421 | D:3      | Slain by an orc

Vault maps used:
D:1:      lightli_arrival_flooded_house
D:2:      nicolae_ashenzari_panopticon, uniq_crazy_yiuf_cottage
D:3:      cheibrodos_greedy_goblins, nicolae_overflow_crystal_walls

Skill      XL: |  1  2  3  4 |
---------------+-------------+-----
Hexes          | 4 5 |  5.1
Stealth        | 5 6 |  6.4
Short Blades   | |  1.9
Dodging        | |  3.0
Spellcasting   | |  2.6

Action                   |  1- 3 |  4- 6 || total
-------------------------+-------+-------++-------
Melee: Dagger            |   251 |    49 ||   300
 Cast: Confuse           |       |     6 ||     6
       Ensorcelled Hiber |       |     1 ||     1
 Stab: Sleeping          |     7 |     2 ||     9
       Distracted        |     1 |       ||     1
       Confused          |       |     2 ||     2
  Eat: Fruit             |       |     1 ||     1
Armor: Robe              |    22 |     1 ||    23
Dodge: Dodged            |   293 |    32 ||   325
